 Dungeon Crawl Stone Soup version 0.30-a0-187-gd9c2deaf24 (webtiles) character file.

Game seed: 6289515524404163240

5 Pooter the Ogre Mage (level 1, -2/18 HPs)
             Began as an Ogre Hedge Wizard on Oct 3, 2022.
             Slain by a hobgoblin (3 damage)
             ... on level 1 of the Dungeon.
             The game lasted 00:03:02 (122 turns).

Pooter the Ogre Mage (Ogre Hedge Wizard)             Turns: 122, Time: 00:03:02

Health: -2/18      AC:  3    Str: 13    XL:     1   Next: 80%
Magic:  0/5        EV:  9    Int: 15    God:
Gold:   11         SH:  0    Dex:  8    Spells: 6/7 levels left

rFire   . . .      SeeInvis .    a - +0 dagger
rCold   . . .      Faith    .    (no shield)
rNeg    . . .      Spirit   .    b - +0 robe
rPois   .          Reflect  .    c - +0 hat
rElec   .          Harm     .    (no cloak)
rCorr   .          Rampage  .    (gloves unavailable)
Will    .....                    (boots unavailable)
Stlth   +.........               (no amulet)
HPRegen 0.23/turn                (no ring)
MPRegen 0.09/turn                (no ring)

@: no status effects
A: large, unfitting armour, tough skin 1
a: no special abilities


You were on level 1 of the Dungeon.
You visited 1 branch of the dungeon, and saw 1 of its levels.

You collected 11 gold pieces.

Inventory:

Hand Weapons
 a - a +0 dagger (weapon)
Armour
 b - a +0 robe (worn)
 c - a +0 hat (worn)
Scrolls
 f - a scroll of identify {unknown}
Potions
 d - a potion of magic
 e - a potion of flight {unknown}


   Skills:
 + Level 0.3 Fighting
 + Level 1.8 Dodging
 + Level 1.4 Stealth
 + Level 3.6 Spellcasting
 * Level 1.1 Conjurations
 + Level 1.0 Summonings
 + Level 1.0 Translocations


You had 6 spell levels left.
You knew the following spells:

 Your Spells              Type           Power      Damage    Failure   Level
a - Magic Dart            Conj           24%        1d4       12%         1

Your spell library contained the following spells:

 Spells                   Type           Power      Damage    Failure   Level
 Slow                     Hex            8%         N/A       19%         1
 Blink                    Tloc           10%        N/A       19%         2
 Call Imp                 Summ           5%         N/A       19%         2
 Cigotuvi's Dreadful Rot  Necr/Pois/Air  4%         N/A       28%         2
 Mephitic Cloud           Conj/Pois/Air  3%         N/A       43%         3


Dungeon Overview and Level Annotations

Branches:
Dungeon (1/15)

Altars:


Innate Abilities, Weirdness & Mutations

You are too large for most types of armour.
You have tough skin. (AC +1)


Message History

The magic dart hits the hobgoblin but does no damage.
Aim: a hobgoblin (severely wounded, 100% to hit)
The magic dart hits the hobgoblin.
You kill the hobgoblin!
* * * LOW MAGIC WARNING * * *
You start resting.
A giant cockroach comes into view.
A hobgoblin comes into view.
The hobgoblin shouts!
A frilled lizard comes into view.
The frilled lizard hisses angrily.
Found a stone staircase leading down.
The gnoll shouts!
The giant cockroach barely misses you.
You barely miss the giant cockroach. The giant cockroach bites you.
The hobgoblin barely misses you.
You hit the giant cockroach but do no damage.
The giant cockroach bites you. The hobgoblin closely misses you.
You hit the giant cockroach but do no damage.
You punch the giant cockroach. The giant cockroach barely misses you.
The giant cockroach closely misses you. The hobgoblin closely misses you.
You hit the giant cockroach.
You kill the giant cockroach!
The hobgoblin hits you. The frilled lizard bites you.
Your Summonings skill increases to level 1!
Your Translocations skill increases to level 1!
Unknown command.
Aim: a gnoll, wielding a +0 club (100% to hit)
The magic dart hits the gnoll.
* * * LOW MAGIC WARNING * * *
The hobgoblin closely misses you. The frilled lizard barely misses you.
The gnoll barely misses you.
Aim: a gnoll, wielding a +0 club (lightly wounded, 100% to hit)
The magic dart hits the gnoll.
* * * LOW MAGIC WARNING * * *
The hobgoblin hits you but does no damage.
The frilled lizard bites you but does no damage.
The gnoll hits you with a +0 club.
You barely miss the gnoll. The hobgoblin barely misses you.
The frilled lizard barely misses you. The gnoll closely misses you.
You hit the gnoll. The hobgoblin barely misses you.
The frilled lizard barely misses you. The gnoll hits you with a +0 club.
* * * LOW HITPOINT WARNING * * *
You closely miss the gnoll. The hobgoblin hits you.
* * * LOW HITPOINT WARNING * * *
The frilled lizard completely misses you.
The gnoll hits you with a +0 club.
* * * LOW HITPOINT WARNING * * *
You hit the gnoll. The hobgoblin hits you.
You die...

...............
.........§§....#
...............#
..#..§§§.....#
....[.......# .
#.._§......#
....##ggl..§....#
......†@..§...>.#
................#
>........§...####
........##...##
.##......#....#
.............##
.......#.......###
###..............#
##############.#


You could see a gnoll, a hobgoblin and a frilled lizard.

Vanquished Creatures
  A giant cockroach (D:1)
  A hobgoblin (D:1)
  A quokka (D:1)
  2 frilled lizards (D:1)
5 creatures vanquished.

Notes
Turn   | Place    | Note
-------+----------+-------------------------------------------
     0 | D:1      | Pooter the Ogre Hedge Wizard began the quest for the Orb.
     0 | D:1      | Reached XP level 1. HP: 16/16 MP: 5/5
    32 | D:1      | Reached skill level 1 in Conjurations
   101 | D:1      | Found a faded altar of an unknown god.
   117 | D:1      | Reached skill level 1 in Summonings
   117 | D:1      | Reached skill level 1 in Translocations
   122 | D:1      | Slain by a hobgoblin

Illustrated notes

Levels and vault maps discovered:
D:1:      dpeg_arrival_rooms_c, layout_rooms, serial_shops,
          nicolae_shop_behind_doors, ebering_ecumenical_altar_mist,
          chequers_serial_rivers_large_a

Skill      XL: |  1 |
---------------+----+-----
Conjurations   | 1 |  1.1
Summonings     | 1 |  1.0
Translocations | 1 |  1.0
Fighting       | |  0.3
Dodging        | |  1.8
Stealth        | |  1.4
Spellcasting   | |  3.6

Action                   || total
-------------------------++-------
Melee: Dagger            ||    17
       Punch             ||     1
 Cast: Magic Dart        ||    10
Armor: Robe              ||     6
Dodge: Dodged            ||    18

Table legend: (Time is in decaauts)
 A = Elapsed time spent in this place.
 B = Non-inter-level travel time spent in this place.
 C = Inter-level travel time spent in this place.
 D = Time resting spent in this place.
 E = Time spent auto-exploring this place.
 F = Levels seen in this place.
 G = Mean time per level.
                   A        B        C        D        E       F      G
               +--------+--------+--------+--------+--------+-----+--------+
         Total |    122 |    122 |      0 |     20 |     52 |   1 |  122.0 |
       Dungeon |    122 |    122 |      0 |     20 |     52 |   1 |  122.0 |
               +--------+--------+--------+--------+--------+-----+--------+

Top non-repeatable levels by time:
     D:1: 122 daAuts
